 Dungeon Sprint DCSS version 0.30.1-11-g7821555f0a (webtiles) character file.

Game seed: 9659036715024879838

1799 Heoruswealwe the Impaler (level 8, 0/85 HPs)
             Began as a Minotaur Fighter on Dec 22, 2023.
             Was an Initiate of Gozag.
             Succumbed to a cane toad's poison
             ... in the Dungeon (Sprint IX: "|||||||||||||||||||||||||||||").
             The game lasted 00:03:34 (399 turns).

Heoruswealwe the Impaler (Minotaur Fighter)          Turns: 399, Time: 00:03:34

Health: 0/85       AC: 17    Str: 22    XL:     8   Next: 83%
Magic:  7/7        EV:  9    Int:  5    God:    Gozag
Gold:   1026       SH:  0    Dex: 11    Spells: 7/7 levels left

rFire   . . .        b - +2 halberd (venom)
rCold   . . .        (shield currently unavailable)
rNeg    . . .        c - +1 chain mail
rPois   .            (helmet restricted)
rElec   .            h - +0 cloak
rCorr   .            (no gloves)
SInv    .            (no boots)
Will    .....        (no amulet) Stlth
                     k - +2 ring of protection
HPRegen 0.34/turn    (no ring)
MPRegen 0.10/turn

%: no teleportation
@: lethally poisoned (0 -> -28), gold aura
A: horns 2, retaliatory headbutt
a: Renounce Religion, Potion Petition, Call Merchant, Bribe Branch


You were in the Dungeon.
You worshipped Gozag.
Gozag was most pleased with you.
You visited 1 branch You collected 1026 gold pieces.

Inventory:

Hand Weapons
 a - a +0 trident
 b - a +2 halberd of venom (weapon)
Armour
 c - a +1 chain mail (worn)
 d - a +0 buckler
 h - a +0 cloak (worn)
Jewellery
 k - a +2 ring of protection (left hand)
Wands
 l - a wand of roots (10)
Scrolls
 j - 2 scrolls of blinking
 n - 6 scrolls of enchant weapon
 o - a scroll of identify
 p - 2 scrolls of enchant armour
Potions
 e - 8 potions of curing
 f - 5 potions of heal wounds
 g - a potion of haste
 i - 2 potions of berserk rage
 m - a potion of might


   Skills:
 + Level 12.4 Fighting
 * Level 16.6 Polearms
 + Level 12.4 Armour
 - Level 3.6 Shields


You had 7 spell levels left.
You didn't know any spells.
Your spell library was empty.

Dungeon Overview and Level Annotations

Branches:
Dungeon (1/1)

Altars:
Cheibriados
Dithmenos
Elyvilon
Fedhas
Gozag
Hepliaklqana
Kikubaaqudgha
Makhleb
Nemelex Xobeh
Okawaru
Qazlal
Ru
Sif Muna
Trog
Uskayaw
Vehumet
Wu Jian
Xom
Yredelemnul
Zin
The Shining One
Jiyva
Lugonu


Innate Abilities, Weirdness & Mutations

You have a pair of horns on your head.
You reflexively headbutt those who attack you in melee.


Message History

You feel very sick. The water moccasin bites you.
You are more poisoned.
The water moccasin poisons you!
You slash the water moccasin!
You kill the water moccasin!
You feel very sick.
You hit the cane toad but do no damage.
The cane toad is poisoned.
Your headbutt misses the cane toad.
You feel very sick. The cane toad stings you!
You barely miss the cane toad. Your headbutt misses the cane toad.
You feel very sick. The cane toad stings you!
* * * LOW HITPOINT WARNING * * *
The boulder beetle leaps!
You hit the cane toad but do no damage.
The cane toad looks as sick as possible!
You feel very sick. The cane toad barely misses you. You furiously retaliate!
You headbutt the cane toad! You closely miss the cane toad.
Your headbutt misses the cane toad.
The cane toad is heavily wounded.
You feel sick.
You closely miss the cane toad.
The cane toad is heavily wounded.
You feel sick. The cane toad stings you.
* * * LOW HITPOINT WARNING * * *
You are lethally poisoned!
The cane toad poisons you!
The yak is distracted by your dazzling golden aura.
You closely miss the cane toad.
The cane toad is severely wounded.
* * * LOW HITPOINT WARNING * * *
You feel very sick.
The cane toad stings you but does no damage.
You hit the cane toad but do no damage.
The cane toad is severely wounded.
You die...
Your body crumbles into a pile of gold.

▓▓▓▓▓▓▓▓▓▓▓▓▓▓▓▓▓▓▓▓▓▓▓▓▓▓▓▓▓▓▓▓▓
'†....'.....'____________________
▓▓▓▓▓▓▓▓▓▓▓▓▓▓▓▓▓▓▓▓▓▓▓▓▓▓▓▓▓▓▓▓▓
.................................
▓▓▓▓▓▓▓▓▓▓▓▓▓▓▓▓▓▓▓▓▓▓▓▓▓▓▓▓▓▓▓▓▓
...'!....)[[....@FFYFY..
▓▓▓▓▓▓▓▓▓▓▓▓▓▓▓▓▓▓▓▓▓▓▓▓


$$$$$$$$$$$$$ $$$$$$$$$ You could see 2 yaks and 3 cane toads.

Vanquished Creatures
  A slime creature (D)
  2 wraiths (D)
  A shadow (D)
  2 yaks (D)
  A basilisk (D)
  A vampire mosquito (D)
  2 water moccasins (D)
  An ice beast (D)
  A black bear (D)
  A centaur (D)
  A wight (D)
  A hound (D)
  An iguana (D)
  2 orc wizards (D)
  A white imp (D)
  A dart slug (D)
  A bat (D)
  2 endoplasms (D)
  2 ball pythons (D)
25 creatures vanquished.

Notes
Turn   | Place    | Note
-------+----------+-------------------------------------------
     0 | D        | Heoruswealwe the Minotaur Fighter began the quest for the
                  | Orb.
     0 | D        | Reached XP level 1. HP: 19/19 MP: 0/0
    13 | D        | Reached skill level 3 in Polearms
    23 | D        | Noticed a hound
    23 | D        | Noticed an ice beast
    23 | D        | Noticed an iguana
    27 | D        | Reached skill level 4 in Polearms
    27 | D        | Reached XP level 2. HP: 25/28 MP: 1/1
    36 | D        | Reached skill level 5 in Fighting
    36 | D        | Reached skill level 6 in Polearms
    36 | D        | Reached skill level 5 in Armour
    36 | D        | Reached XP level 3. HP: 32/36 MP: 2/2
    47 | D        | Killed an ice beast
    48 | D        | Reached skill level 8 in Polearms
    48 | D        | Reached XP level 4. HP: 35/45 MP: 3/3
    49 | D        | Reached XP level 5. HP: 40/52 MP: 4/4
    54 | D        | Reached skill level 9 in Polearms
    60 | D        | Found a snail-covered altar of Cheibriados.
    60 | D        | Found a shadowy altar of Dithmenos.
    60 | D        | Found a white marble altar of Elyvilon.
    60 | D        | Found a blossoming altar of Fedhas.
    60 | D        | Found an opulent altar of Gozag.
    61 | D        | Found a hazy altar of Hepliaklqana.
    62 | D        | Found a viscous altar of Jiyva.
    63 | D        | Found an ancient bone altar of Kikubaaqudgha.
    64 | D        | Found a corrupted altar of Lugonu.
    65 | D        | Found a burning altar of Makhleb.
    66 | D        | Found a sparkling altar of Nemelex Xobeh.
    67 | D        | Found an iron altar of Okawaru.
    68 | D        | Became a worshipper of Gozag Ym Sagoz the Greedy
    69 | D        | Found a stormy altar of Qazlal.
    70 | D        | Found a sacrificial altar of Ru.
    71 | D        | Found a shimmering blue altar of Sif Muna.
    72 | D        | Found a bloodstained altar of Trog.
    73 | D        | Found a hide-covered altar of Uskayaw.
    74 | D        | Found a radiant altar of Vehumet.
    75 | D        | Found an ornate altar of the Wu Jian Council.
    76 | D        | Found a shimmering altar of Xom.
    77 | D        | Found a basalt altar of Yredelemnul.
    78 | D        | Found a glowing silver altar of Zin.
    79 | D        | Found a glowing golden altar of the Shining One.
   145 | D        | Noticed a centaur
   145 | D        | Noticed a shadow
   145 | D        | Noticed a yak
   145 | D        | Noticed a yak
   147 | D        | Killed a centaur
   148 | D        | Reached skill level 10 in Polearms
   150 | D        | Reached skill level 11 in Polearms
   150 | D        | Reached XP level 6. HP: 47/62 MP: 5/5
   155 | D        | Killed a shadow
   156 | D        | Reached skill level 12 in Polearms
   159 | D        | Killed a yak
   160 | D        | Reached skill level 10 in Fighting
   160 | D        | Reached skill level 13 in Polearms
   160 | D        | Reached skill level 10 in Armour
   160 | D        | Reached XP level 7. HP: 53/72 MP: 6/6
   166 | D        | Killed a yak
   171 | D        | Reached skill level 14 in Polearms
   241 | D        | Noticed a basilisk
   241 | D        | Noticed a wraith
   241 | D        | Noticed a wraith
   241 | D        | Noticed a slime creature
   241 | D        | Noticed a vampire mosquito
   247 | D        | Killed a basilisk
   253 | D        | Killed a wraith
   254 | D        | Reached XP level 8. HP: 72/82 MP: 7/7
   258 | D        | Reached skill level 15 in Polearms
   263 | D        | Killed a slime creature
   268 | D        | Reached skill level 16 in Polearms
   378 | D        | Noticed a cane toad
   378 | D        | Noticed a cane toad
   380 | D        | Noticed a cane toad
   390 | D        | Noticed a boulder beetle
   399 | D        | Succumbed to a cane toad's poison

Illustrated notes

Levels and vault maps discovered:
D:        linesprint [early_d, line_temple, items_1, d_10, items_2, lair_1,
          lair_end, items_3, orc_1, orc_end, items_4, d_15, swamp_1, shoals_1,
          snake_1, spider_1, d_20, vaults_1, items_5, swamp_end, shoals_end,
          snake_end, spider_end, vaults_end, d_27, items_6, zot_1, zot_end,
          crypt_end, forest_end, elf_end, slime_end, tomb_end, abyss_end,
          pan_hell_end]

Skill      XL: |  1  2  3  4  5  6  7  8 |
---------------+-------------------------+-----
Polearms       | 4 6 8 11 13 14 16 | 16.6
Fighting       | 4 5 6 7 8 10 11 12 | 12.4
Armour         | 4 5 6 7 8 10 11 12 | 12.4
Shields        | |  3.6

Action                     |  1- 3 |  4- 6 |  7- 9 || total
---------------------------+-------+-------+-------++-------
  Melee: Trident           |    36 |     6 |       ||    42
         Headbutt          |     4 |     4 |     3 ||    11
         Halberd           |       |    13 |    57 ||    70
   Stab: Distracted        |       |       |     1 ||     1
 Armour: Scale mail        |    20 |     1 |       ||    21
         Chain mail        |       |     5 |    14 ||    19
  Dodge: Dodged            |    18 |     4 |    16 ||    38
  Block: Buckler           |     7 |       |       ||     7
